 Dungeon Crawl Stone Soup version 0.29-a0-582-ge82337ba6a (webtiles) character file.

Game seed: 4112471973568276984

86 Miritol the Bolt Thrower (level 4, -10/26 HPs)
             Began as a Tengu Hunter on June 14, 2022.
             Killed by divine providence
             ... invoked by an orc priest
              (14 damage)
             ... on level 3 of the Dungeon.
             The game lasted 00:04:19 (2074 turns).

Miritol the Bolt Thrower (Tengu Hunter)             Turns: 2074, Time: 00:04:20

Health: -10/26     AC:  5    Str: 14    XL:     4   Next: 50%
Magic:  0/5        EV: 11    Int:  9    God:
Gold:   107        SH:  0    Dex: 23    Spells: 3/3 levels left

rFire   . . .      SeeInvis .   b - +1 dagger (venom)
rCold   . . .      Faith    .   (no shield)
rNeg    . . .      Spirit   +   k - +0 ring mail
rPois   .          Reflect  .   (helmet restricted)
rElec   .          Harm     .   (no cloak)
rCorr   .          Rampage  .   (no gloves)
Will    .....                   (boots unavailable)
Stlth   ..........              m - amulet of guardian spirit
HPRegen 0.08/turn               o - +6 ring of dexterity
MPRegen 0.09/turn               (no ring)

@: confused
A: beak, talons 3
a: no special abilities


You were on level 3 of the Dungeon.
You visited 1 branch of the dungeon, and saw 3 of its levels.

You collected 107 gold pieces.

Inventory:

Hand Weapons
 a - a +1 hand crossbow
 b - a +1 dagger of venom (weapon)
 q - a +0 flail
Armour
 k - a +0 ring mail (worn)
Jewellery
 m - an amulet of guardian spirit (around neck)
 o - a +6 ring of dexterity (left hand)
Wands
 t - a wand of iceblast (15)
Scrolls
 c - 2 scrolls of immolation
 d - a scroll of poison {unknown}
 e - 2 scrolls of identify {unknown}
 l - a scroll of blinking {unknown}
 p - a scroll of acquirement {unknown}
 r - a scroll of noise {unknown}
 u - 2 scrolls of teleportation {unknown}
Potions
 f - 5 potions of curing {unknown}
 g - 2 potions of magic {unknown}
 h - a potion of mutation {unknown}
 i - a potion of flight {unknown}
 j - a potion of ambrosia {unknown}
 n - 3 potions of berserk rage {unknown}
 s - a potion of invisibility {unknown}


   Skills:
 - Level 2.0 Fighting
 + Level 5.5 Crossbows
 + Level 2.9 Armour
 - Level 2.1 Dodging
 - Level 1.0 Stealth


You had 3 spell levels left.
You didn't know any spells.
Your spell library contained the following spells:

 Spells                   Type           Power      Damage    Failure   Level
 Static Discharge         Conj/Air       0%         N/A       77%         2
 Lightning Bolt           Conj/Air       0%         1d11      100%        5
 Maxwell's Capacitive Co  Air            0%         ∞         100%        8


Dungeon Overview and Level Annotations

Branches:
Dungeon (3/15)

Altars:


Innate Abilities, Weirdness & Mutations

You have a beak for a mouth.
You have claws for feet.


Message History

Things that are here:
a +0 hand axe of flaming; a silver boomerang The orc wizard shouts!
You hit the orc priest but do no damage.
Your kick misses the orc priest.
The orc priest hits you with a +0 hand axe.
The orc wizard points at you and mumbles some strange words.
You resist with some effort.
You hit the orc priest.
You claw the orc priest, but do no damage.
Your peck misses the orc priest.
The orc priest is moderately wounded.
The orc priest hits you but does no damage.
The orc wizard gestures at you while chanting.
You are confused.
The orc priest calls down the wrath of Beogh upon you.
Pain shoots through your body!
The orc priest looks encouraged for a moment.
The orc wizard points at you and mumbles some strange words.
You are more confused.
You hit the orc priest.
The orc priest is poisoned.
The orc priest is heavily wounded.
The orc priest barely misses you. The orc wizard casts a spell at you.
The puff of flame hits you!
* * * LOW HITPOINT WARNING * * *
You hit the orc priest.
The orc priest looks as sick as possible!
Your kick misses the orc priest. You peck the orc priest.
The orc priest is severely wounded.
The orc priest looks satisfied for a moment.
You bump into the rock wall.
The orc priest hits you with a +0 hand axe.
* * * LOW HITPOINT WARNING * * *
You barely miss the orc wizard. You peck the orc wizard.
The orc wizard is moderately wounded.
The orc priest calls down the wrath of Beogh upon you.
Beogh smites you!
Ouch! That really hurt!
You die...

.# .# ......###
#.#
....)....##.#
...).....#..##
.....o. .....
..... ...# #...
#..#
.#.#...###@.#
.........oo.#
............#
........##).#
.#.#.####...# #
#.####...#
.........#
.#.####..##
..#.####..######


You could see an orc priest (extremely poisoned) and an orc wizard.

Vanquished Creatures
  Robin (D:2)
  2 adders (D:2)
  An adder skeleton (D:3)
  A dart slug (D:1)
  3 orcs (D:3)
  3 ball pythons
  2 endoplasms
  2 giant cockroaches
  14 goblins
  6 hobgoblins
  A quokka (D:1)
  3 bats (D:1)
  A frilled lizard (D:2)
  A jackal zombie (D:3)
  3 kobolds
  2 rats (D:1)
46 creatures vanquished.

Notes
Turn   | Place    | Note
-------+----------+-------------------------------------------
     0 | D:1      | Miritol the Tengu Hunter began the quest for the Orb.
     0 | D:1      | Reached XP level 1. HP: 12/12 MP: 2/2
   168 | D:1      | Reached skill level 1 in Armour
   168 | D:1      | Reached XP level 2. HP: 16/17 MP: 3/3
   513 | D:1      | Found a faded altar of an unknown god.
   751 | D:2      | Reached skill level 5 in Crossbows
   751 | D:2      | Reached XP level 3. HP: 14/21 MP: 2/4
  1314 | D:2      | Noticed Robin
  1398 | D:2      | Reached XP level 4. HP: 26/26 MP: 5/5
  1403 | D:2      | Killed Robin
  2074 | D:3      | Killed from afar by an orc priest

Illustrated notes

Levels and vault maps discovered:
D:1:      saegor_arrival_miasma, layout_rooms,
          shapermc_ecumenical_altar_mp_highgroup
D:2:      layout_loops_corners, hex_medium, dk_noncrumbling_4, uniq_robin
D:3:      layout_basic, nicolae_overflow_hidden_temple, serial_undead,
          serial_undead_a, serial_undead_f, serial_undead_f, serial_undead_e,
          nrook_loot_triangle, minmay_divided_ellipse

Skill      XL: |  1  2 |
---------------+-------+-----
Armour         | 1 2 |  2.9
Crossbows      | 5 |  5.5
Fighting       | |  2.0
Dodging        | |  2.1
Stealth        | |  1.0

Action                   |  1- 3 |  4- 6 || total
-------------------------+-------+-------++-------
Melee: Flail             |    10 |     9 ||    19
       Short sword       |     4 |       ||     4
       Kick              |     2 |     4 ||     6
       Dagger            |       |     6 ||     6
       Peck              |       |     2 ||     2
 Fire: Hand crossbow     |    76 |    21 ||    97
Armor: Leather armour    |     2 |       ||     2
       Ring mail         |    18 |     3 ||    21
Dodge: Dodged            |    21 |     9 ||    30

Table legend: (Time is in decaauts)
 A = Elapsed time spent in this place.
 B = Non-inter-level travel time spent in this place.
 C = Inter-level travel time spent in this place.
 D = Time resting spent in this place.
 E = Time spent auto-exploring this place.
 F = Levels seen in this place.
 G = Mean time per level.
                   A        B        C        D        E       F      G
               +--------+--------+--------+--------+--------+-----+--------+
         Total |   2108 |   2059 |     49 |     50 |   1693 |   3 |  702.7 |
       Dungeon |   2108 |   2059 |     49 |     50 |   1693 |   3 |  702.7 |
               +--------+--------+--------+--------+--------+-----+--------+

Top non-repeatable levels by time:
     D:2: 1143 daAuts
     D:1: 754 daAuts
     D:3: 210 daAuts
